[ AOE2 MATCH · #506197171 ]
UnrankedBerbers vs Teutons
Player's team · WIN
Rival team · LOSS
[ REPLAY ANALYSIS · EXTRACTED FROM THE RECORDED GAME ]
Feudal
9:19
Castle
21:58
Imperial
—
| APM avg | 72.8 |
| APM peak | 113 |
| eAPM avg | 24.4 |
| Villagers / military | 55 / 24 |
Focus
⚔️ 33.7% · 🌾 66.3%
Archer ×18 · Scout Cavalry ×6
Feudal
11:47
Castle
—
Imperial
—
| APM avg | 62.4 |
| APM peak | 91 |
| eAPM avg | 19.2 |
| Villagers / military | 42 / 31 |
Focus
⚔️ 37.0% · 🌾 63.0%
Skirmisher ×19 · Militia ×5 · Spearman ×4 · Archer ×3
Match map
Initial resources + every placement click. Lines = walls · curves = elevation contours. ◆ gold · ⬟ stone · ● berries · ✦ relic · ◌ wall gap
Your base· ✓ Closed at 21:58 · 40t walls · no gate
Sir Poopsalot's base· Open — opponent sealed themselves in
Smoothed initial terrain · ◌ = detected wall gap · hover for details
Inputs per minute
— Young Carter - - Sir Poopsalot
Build order — Young Carter
147 actions detected in the replay
| 0:01 | Queue | Villager (Male) |
| 0:02 | Queue | Villager (Male) |
| 0:02 | Queue | Villager (Male) |
| 0:03 | Build | House |
| 0:05 | Build | House |
| 0:15 | Queue | Villager (Male) |
| 0:15 | Queue | Villager (Male) |
| 1:27 | Queue | Villager (Male) |
| 1:27 | Queue | Villager (Male) |
| 1:56 | Queue | Villager (Male) |
| 1:56 | Queue | Villager (Male) |
| 2:11 | Build | Lumber Camp |
| 2:33 | Queue | Villager (Male) |
| 2:33 | Queue | Villager (Male) |
| 2:47 | Build | House |
| 2:50 | Build | House |
| 2:54 | Queue | Villager (Male) |
| 3:10 | Queue | Villager (Male) |
| 3:42 | Queue | Villager (Male) |
| 3:58 | Queue | Villager (Male) |
| 3:58 | Queue | Villager (Male) |
| 4:40 | Queue | Villager (Male) |
| 4:43 | Build | Mill |
| 5:00 | Queue | Villager (Male) |
| 5:01 | Queue | Villager (Male) |
| 5:01 | Queue | Villager (Male) |
| 5:08 | Queue | Villager (Male) |
| 5:08 | Queue | Villager (Male) |
| 5:09 | Queue | Villager (Male) |
| 5:28 | Queue | Villager (Male) |
| 5:28 | Queue | Villager (Male) |
| 6:15 | Build | Mining Camp |
| 6:18 | Research | Loom |
| 7:09 | Research | Feudal Age |
| 7:09 | Research | Feudal Age |
| 8:06 | Build | Barracks |
| 8:16 | Build | Palisade Wall |
| 8:20 | Build | Palisade Wall |
| 8:22 | Build | Palisade Wall |
| 8:28 | Build | Palisade Wall |
| 8:29 | Build | Palisade Wall |
| 8:51 | Queue | Villager (Male) |
| 8:51 | Queue | Villager (Male) |
| 8:58 | Build | House |
| 9:19 | Age | Feudal Age |
| 9:22 | Build | Archery Range |
| 9:23 | Research | Double-Bit Axe |
| 9:36 | Build | House |
| 9:47 | Build | Mill |
| 10:03 | Queue | Archer |
| 10:06 | Queue | Archer |
| 10:09 | Build | House |
| 10:10 | Queue | Villager (Male) |
| 10:22 | Queue | Archer |
| 10:26 | Queue | Villager (Male) |
| 10:32 | Build | Blacksmith |
| 10:50 | Queue | Archer |
| 10:58 | Build | Palisade Wall |
| 11:12 | Queue | Villager (Male) |
| 11:18 | Build | Farm |
| 11:20 | Build | Farm |
| 11:24 | Queue | Archer |
| 11:29 | Queue | Villager (Male) |
| 11:33 | Build | Palisade Wall |
| 11:48 | Queue | Archer |
| 11:56 | Research | Fletching |
| 11:57 | Queue | Villager (Male) |
| 12:00 | Build | Farm |
| 12:01 | Build | Farm |
| 12:03 | Build | Farm |
| 12:14 | Build | House |
| 12:42 | Queue | Villager (Male) |
| 12:44 | Queue | Villager (Male) |
| 12:49 | Queue | Villager (Male) |
| 12:53 | Queue | Archer |
| 12:58 | Queue | Villager (Male) |
| 12:58 | Queue | Villager (Male) |
| 13:06 | Queue | Villager (Male) |
| 13:08 | Build | Farm |
| 13:08 | Build | Farm |
| 13:08 | Build | Farm |
| 13:08 | Build | Farm |
| 13:08 | Build | Farm |
| 13:22 | Queue | Archer |
| 13:38 | Queue | Villager (Male) |
| 13:44 | Build | House |
| 13:46 | Build | Palisade Wall |
| 13:46 | Build | Palisade Wall |
| 13:52 | Queue | Archer |
| 14:02 | Queue | Archer |
| 14:03 | Queue | Villager (Male) |
| 14:07 | Research | Padded Archer Armor |
| 14:07 | Queue | Archer |
| 14:20 | Queue | Villager (Male) |
| 14:35 | Build | Palisade Wall |
| 14:39 | Queue | Archer |
| 14:50 | Queue | Villager (Male) |
| 14:52 | Queue | Villager (Male) |
| 14:52 | Queue | Villager (Male) |
| 14:53 | Build | Farm |
| 14:57 | Queue | Villager (Male) |
| 15:36 | Build | Stable |
| 15:37 | Queue | Villager (Male) |
| 15:38 | Build | Farm |
| 15:39 | Queue | Villager (Male) |
| 15:43 | Queue | Archer |
| 15:44 | Queue | Archer |
| 16:12 | Build | House |
| 16:13 | Queue | Archer |
| 16:26 | Build | Farm |
| 16:29 | Queue | Scout Cavalry |
| 16:30 | Queue | Scout Cavalry |
| 16:36 | Build | House |
| 16:47 | Queue | Scout Cavalry |
| 16:49 | Build | Farm |
| 16:51 | Build | Farm |
| 17:15 | Build | Farm |
| 17:16 | Build | Farm |
| 17:38 | Queue | Archer |
| 18:03 | Queue | Villager (Male) |
| 18:22 | Queue | Scout Cavalry |
| 18:26 | Queue | Villager (Male) |
| 18:27 | Queue | Villager (Male) |
| 18:27 | Queue | Villager (Male) |
| 18:31 | Build | Lumber Camp |
| 18:40 | Build | House |
| 18:42 | Build | Farm |
| 18:48 | Queue | Villager (Male) |
| 18:50 | Build | Palisade Wall |
| 18:52 | Build | Palisade Wall |
| 19:03 | Build | House |
| 19:07 | Build | Farm |
| 19:08 | Queue | Villager (Male) |
| 19:13 | Queue | Archer |
| 19:16 | Research | Castle Age |
| 19:34 | Build | Mining Camp |
| 20:10 | Queue | Archer |
| 20:16 | Research | Bloodlines |
| 20:17 | Queue | Scout Cavalry |
| 20:32 | Queue | Scout Cavalry |
| 20:42 | Build | House |
| 20:43 | Build | House |
| 21:28 | Build | Palisade Wall |
| 21:44 | Queue | Villager (Male) |
| 21:58 | Age | Castle Age |
| 22:00 | Research | Bow Saw |
| 22:03 | Queue | Villager (Male) |
Build order — Sir Poopsalot
135 actions detected in the replay
| 0:00 | Queue | Villager (Male) ×4 |
| 0:02 | Build | House |
| 0:02 | Build | House |
| 1:30 | Queue | Villager (Male) |
| 1:55 | Build | Lumber Camp |
| 1:58 | Queue | Villager (Male) |
| 2:18 | Queue | Villager (Male) |
| 2:35 | Queue | Villager (Male) |
| 2:56 | Queue | Villager (Male) |
| 3:36 | Queue | Villager (Male) |
| 3:41 | Queue | Villager (Male) |
| 3:53 | Build | House |
| 4:01 | Queue | Villager (Male) |
| 4:29 | Build | Barracks |
| 4:49 | Build | House |
| 4:55 | Queue | Villager (Male) |
| 5:15 | Queue | Villager (Male) |
| 5:22 | Build | House |
| 5:23 | Queue | Militia |
| 5:42 | Queue | Villager (Male) |
| 5:47 | Queue | Militia |
| 6:01 | Build | Mining Camp |
| 6:05 | Queue | Villager (Male) |
| 6:11 | Queue | Militia |
| 6:33 | Queue | Militia |
| 6:55 | Queue | Villager (Male) |
| 6:56 | Queue | Villager (Male) |
| 6:58 | Build | Mill |
| 7:00 | Queue | Militia |
| 7:43 | Queue | Villager (Male) |
| 7:59 | Queue | Villager (Male) |
| 8:00 | Build | Mill |
| 8:04 | Research | Loom |
| 8:15 | Queue | Villager (Male) |
| 8:30 | Build | Farm |
| 8:47 | Queue | Villager (Male) |
| 9:21 | Queue | Villager (Male) |
| 9:31 | Build | House |
| 9:37 | Research | Feudal Age |
| 9:37 | Research | Feudal Age |
| 10:28 | Build | Farm |
| 10:29 | Build | Farm |
| 10:30 | Build | Farm |
| 10:48 | Queue | Villager (Male) |
| 11:08 | Build | Palisade Wall |
| 11:31 | Build | Palisade Wall |
| 11:37 | Build | Palisade Wall |
| 11:47 | Age | Feudal Age |
| 11:49 | Research | Man-at-Arms (upgrade) |
| 11:50 | Queue | Villager (Male) |
| 11:52 | Research | Double-Bit Axe |
| 11:55 | Build | Archery Range |
| 12:09 | Research | Horse Collar |
| 12:26 | Queue | Villager (Male) |
| 12:34 | Build | Palisade Wall |
| 12:47 | Queue | Skirmisher |
| 12:49 | Queue | Villager (Male) |
| 12:56 | Build | Farm |
| 12:57 | Build | Farm |
| 12:58 | Build | Palisade Wall |
| 13:06 | Queue | Skirmisher |
| 13:14 | Build | House |
| 13:15 | Build | Palisade Wall |
| 13:26 | Queue | Skirmisher |
| 13:27 | Queue | Villager (Male) |
| 13:43 | Queue | Skirmisher |
| 13:45 | Build | Blacksmith |
| 14:02 | Queue | Skirmisher |
| 14:04 | Queue | Villager (Male) |
| 14:17 | Queue | Skirmisher |
| 14:20 | Queue | Villager (Male) |
| 14:30 | Research | Padded Archer Armor |
| 14:32 | Research | Fletching |
| 14:45 | Queue | Skirmisher |
| 14:52 | Queue | Villager (Male) |
| 15:07 | Queue | Skirmisher |
| 15:19 | Queue | Skirmisher |
| 15:36 | Queue | Skirmisher |
| 15:38 | Queue | Villager (Male) |
| 15:39 | Queue | Villager (Male) |
| 15:40 | Build | Farm |
| 15:40 | Build | Farm |
| 15:41 | Build | Farm |
| 15:41 | Build | Farm |
| 15:44 | Build | Farm |
| 15:44 | Build | Farm |
| 15:44 | Build | Farm |
| 15:44 | Build | Farm |
| 15:45 | Build | Farm |
| 15:54 | Research | Wheelbarrow |
| 15:57 | Build | House |
| 15:57 | Build | House |
| 16:04 | Queue | Skirmisher |
| 16:10 | Queue | Spearman |
| 16:16 | Build | House |
| 16:27 | Research | Scale Mail Armor |
| 16:31 | Queue | Skirmisher |
| 16:34 | Queue | Spearman |
| 16:36 | Queue | Skirmisher |
| 16:38 | Queue | Villager (Male) |
| 16:59 | Queue | Skirmisher |
| 17:08 | Queue | Villager (Male) |
| 17:29 | Queue | Skirmisher |
| 17:29 | Queue | Villager (Male) |
| 17:32 | Build | Lumber Camp |
| 17:35 | Build | House |
| 17:42 | Queue | Spearman |
| 18:02 | Build | House |
| 18:03 | Build | Palisade Wall |
| 18:04 | Queue | Skirmisher |
| 18:04 | Queue | Skirmisher |
| 18:32 | Queue | Villager (Male) |
| 18:33 | Build | Archery Range |
| 18:41 | Build | Palisade Wall |
| 18:43 | Queue | Skirmisher |
| 18:45 | Queue | Spearman |
| 18:58 | Queue | Villager (Male) |
| 18:59 | Queue | Villager (Male) |
| 19:10 | Queue | Skirmisher |
| 19:18 | Queue | Villager (Male) |
| 19:24 | Queue | Villager (Male) |
| 19:28 | Build | Market |
| 19:34 | Build | Farm |
| 19:34 | Queue | Villager (Male) |
| 19:53 | Build | Palisade Wall |
| 20:36 | Build | Palisade Wall |
| 20:40 | Build | House |
| 21:26 | Research | Castle Age |
| 21:28 | Queue | Archer |
| 21:29 | Build | Archery Range |
| 21:39 | Build | Palisade Wall |
| 21:45 | Build | House |
| 21:47 | Queue | Archer |
| 21:51 | Build | House |
| 21:59 | Queue | Archer |
Match timeline
| 4:29 | Sir Poopsalot · first_building Barracks |
| 8:06 | Young Carter · first_building Barracks |
| 8:16 | Young Carter · wall_segment Palisade Wall x1 |
| 8:20 | Young Carter · wall_segment Palisade Wall x1 |
| 8:22 | Young Carter · wall_segment Palisade Wall x1 |
| 8:28 | Young Carter · wall_segment Palisade Wall x1 |
| 8:29 | Young Carter · wall_segment Palisade Wall x1 |
| 9:19 | Young Carter · age_up feudal |
| 9:22 | Young Carter · first_building Archery Range |
| 10:58 | Young Carter · wall_segment Palisade Wall x1 |
| 11:08 | Sir Poopsalot · wall_segment Palisade Wall x4 |
| 11:31 | Sir Poopsalot · wall_segment Palisade Wall x7 |
| 11:33 | Young Carter · wall_segment Palisade Wall x7 |
| 11:37 | Sir Poopsalot · wall_segment Palisade Wall x9 |
| 11:47 | Sir Poopsalot · age_up feudal |
| 11:55 | Sir Poopsalot · first_building Archery Range |
| 12:34 | Sir Poopsalot · wall_segment Palisade Wall x2 |
| 12:58 | Sir Poopsalot · wall_segment Palisade Wall x7 |
| 13:15 | Sir Poopsalot · wall_segment Palisade Wall x7 |
| 13:46 | Young Carter · wall_segment Palisade Wall x9 |
| 13:46 | Young Carter · wall_segment Palisade Wall x1 |
| 14:35 | Young Carter · wall_segment Palisade Wall x9 |
| 15:36 | Young Carter · first_building Stable |
| 18:03 | Sir Poopsalot · wall_segment Palisade Wall x10 |
| 18:41 | Sir Poopsalot · wall_segment Palisade Wall x17 |
| 18:50 | Young Carter · wall_segment Palisade Wall x5 |
| 18:52 | Young Carter · wall_segment Palisade Wall x4 |
| 19:53 | Sir Poopsalot · wall_segment Palisade Wall x9 |
| 20:36 | Sir Poopsalot · wall_segment Palisade Wall x5 |
| 21:28 | Young Carter · wall_segment Palisade Wall x1 |
| 21:39 | Sir Poopsalot · wall_segment Palisade Wall x4 |
| 21:58 | Young Carter · age_up castle |
| 22:11 | Sir Poopsalot · resign |
[ AI ANALYSIS · 1 CREDIT ]
What really happened in this match?
Wolo.gg analyzes every decision: build order, eco, micro, common mistakes by bracket. Personalized analysis on WhatsApp or Discord in 30 seconds.
Civ guide
Berbers
Perfil
Jugador #4453778